 Dungeon Crawl Stone Soup version 0.24-a0-176-gc3651c4 (webtiles) character file.

Game seed: 5252324288016942566

250 emperorscorpion the Chopper (level 5, -1/48 HPs)
             Began as a Minotaur Berserker on Mar 12, 2019.
             Was a Believer of Trog.
             Slain by a wight
             ... wielding a +0 mace
              (2 damage)
             ... on level 6 of the Dungeon.
             The game lasted 00:06:19 (651 turns).

emperorscorpion the Chopper (Minotaur Berserker)     Turns: 651, Time: 00:06:20

Health: -1/48      AC:  6    Str: 23    XL:     5   Next: 88%
Magic:  4/4        EV:  7    Int:  4    God:    Trog [**....]
Gold:   39         SH:  7    Dex:  9    Spells: 4/4 levels left

rFire    . . .     SeeInvis .   a - +0 hand axe
rCold    . . .     Gourm    .   n - +0 shield
rNeg     . . .     Faith    .   g - +0 scale mail
rPois    .         Spirit   .   (helmet restricted)
rElec    .         Reflect  .   (no cloak)
rCorr    .         Harm     .   (no gloves)
MR       .....                  (no boots)
Stlth    ..........             (no amulet)
HPRegen  0.16/turn              (no ring)
MPRegen  0.09/turn              (no ring)

@: berserk cooldown, slowed, drained, very slow
A: retaliatory headbutt, horns 2
a: Berserk, Trog's Hand, Renounce Religion


You were on level 6 of the Dungeon.
You worshipped Trog.
Trog was pleased with you.
You were not hungry.

You visited 1 branch of the dungeon, and saw 6 of its levels.

You collected 39 gold pieces.

Inventory:

Hand Weapons
 a - a +0 hand axe (weapon)
Missiles
 j - 6 tomahawks (quivered)
 k - a throwing net
Armour
 b - a +0 animal skin
 e - a cursed +0 leather armour
 g - a +0 scale mail (worn)
 n - a +0 shield (worn)
Wands
 l - a wand of enslavement (3)
Scrolls
 d - a scroll of remove curse
 f - a scroll of enchant armour
 m - a scroll of teleportation
Potions
 h - 2 potions of resistance
Comestibles
 c - 5 rations
 i - 3 chunks of flesh


   Skills:
 + Level 5.2(4.3) Fighting
 + Level 6.0(5.0) Axes
 + Level 3.5(2.6) Armour
 + Level 3.0(2.1) Dodging
 + Level 0.1(0.0) Stealth
 + Level 0.1(0.0) Shields


You had 4 spell levels left.
You didn't know any spells.
Your spell library was empty.

Dungeon Overview and Level Annotations

Branches:
Dungeon (6/15)             Temple (0/1) D:4

Altars:
Trog
Xom


Innate Abilities, Weirdness & Mutations

You reflexively headbutt those who attack you in melee.
You have a pair of horns on your head.


Message History

You are feeling hungry.
Eat one of 4 chunks of flesh? (ye/n/q)
You eat one of the 4 chunks of flesh.
This raw flesh tastes terrible.
You feel your anger nearly subside.
i - 3 chunks of flesh You are no longer berserk.
You are exhausted.
You feel yourself slow down.
There is a stone staircase leading down here.
You climb downwards.
You block the wight's attack. The wight hits you with a +0 mace.
You feel drained. The wight closely misses you.
The wight hits you with a +0 mace.
You feel drained.
There is a stone staircase leading up, spattered with blood here.
The wight hits you with a +2 great sword!
* * * LOW HITPOINT WARNING * * *
You feel drained.
* * * LOW HITPOINT WARNING * * *
The wight barely misses you. The wight hits you with a +0 mace.
You die...

.#...#...## .#A..#....##
.#####.....##
._........# ........#
#..... #......# +.....
##+#......# #.....
#.......### #.....
#.@.....# #..z..
#zz.....# #.z...
###+#.......######.....
........<...............
...................#####
...................')...
...................#....
#+#....#############...)
#....+ #....


You could see 2 wights.

Vanquished Creatures
  An ogre (D:5)
  A wight (D:5)
  A gnoll shaman (D:6)
  An iguana (D:4)
  Robin (D:2)
  2 gnolls (D:6)
  An adder (D:6)
  A shadow imp (D:5)
  An adder skeleton (D:6)
  A worm (D:1)
  A leopard gecko (D:4)
  A giant cockroach (D:3)
  2 hobgoblins
  3 jackals (D:3)
  3 frilled lizards
  6 goblins (D:2)
  2 kobolds
29 creatures vanquished.

Vanquished Creatures (collateral kills)
  A bullfrog skeleton (D:6)
  A gnoll (D:6)
2 creatures vanquished.

Vanquished Creatures (others)
  A gnoll (D:6)
1 creature vanquished.

Grand Total: 32 creatures vanquished

Notes
Turn   | Place    | Note
-------+----------+-------------------------------------------
     0 | D:1      | emperorscorpion the Minotaur Berserker began the quest for
                  | the Orb.
     0 | D:1      | Reached XP level 1. HP: 19/19 MP: 0/0
   121 | D:2      | Noticed Robin
   125 | D:2      | Reached XP level 2. HP: 22/27 MP: 1/1
   138 | D:2      | Killed Robin
   138 | D:2      | Reached skill level 4 in Axes
   191 | D:3      | Found a bloodstained altar of Trog.
   204 | D:3      | Reached XP level 3. HP: 16/33 MP: 2/2
   268 | D:4      | Found a staircase to the Ecumenical Temple.
   512 | D:5      | Entered Level 5 of the Dungeon
   519 | D:5      | Reached XP level 4. HP: 41/41 MP: 3/3
   548 | D:6      | Noticed an angel
   549 | D:6      | Found a shimmering altar of Xom.
   555 | D:6      | Reached skill level 5 in Axes
   585 | D:6      | Reached ** piety under Trog
   586 | D:6      | Noticed an ogre
   595 | D:6      | Reached XP level 5. HP: 22/47 MP: 4/4
   629 | D:5      | Killed an ogre
   629 | D:5      | Reached skill level 5 in Fighting
   630 | D:5      | Reached skill level 6 in Axes
   650 | D:6      | HP: 1/48 [wight/+2 great sword (4)]
   651 | D:6      | Slain by a wight

Levels and vault maps discovered:
D:1:      evilmike_arrival_run_for_it, layout_loops_ring
D:2:      layout_loops_ring, uniq_robin
D:3:      layout_basic, nicolae_overflow_crystal_walls,
          yredelemnul_forgotten_temple_becter, okawaru_trees_2
D:4:      layout_loops_cross, minmay_temple_entry_waves, first_ration,
          chequers_serial_rivers_micro_a
D:5:      layout_loops_ring, uniq_pikel, uniq_sigmund
D:6:      layout_gridville, grunt_temple_overflow_order_and_chaos_1,
          gammafunk_ghost_nasty_kobolds, basic_altar, uniq_blork_the_orc,
          uniq_menkaure

Skill      XL: |  1  2  3  4  5 |
---------------+----------------+-----
Fighting       | 4 5 |  5.2
Axes           | 4 5 6 |  6.0
Armour         | 3 |  3.5
Dodging        | 3 |  3.0
Stealth        | |  0.1
Shields        | |  0.1

Action                   |  1- 3 |  4- 6 || total
-------------------------+-------+-------++-------
Melee: Hand axe          |    48 |    19 ||    67
       Headbutt          |     7 |     2 ||     9
Invok: Berserk           |     2 |     2 ||     4
Evoke: Wand              |       |     2 ||     2
  Use: Scroll            |     5 |     1 ||     6
       Potion            |     1 |       ||     1
  Eat: Chunk             |     1 |     2 ||     3
Armor: Animal skin       |     2 |       ||     2
       Scale mail        |    15 |     6 ||    21
Dodge: Dodged            |    23 |    14 ||    37
Block: Shield            |       |    10 ||    10

Table legend:
 A = Non-vault XP
 B = Vault XP
 C = Vault XP percentage of total XP
 D = Non-vault monster count
 E = Vault monster count
 F = Vault count percentage of total count
                 A         B        C        D         E       F
            +---------+---------+-------+---------+---------+-------
      Total |     325 |      33 |   9.2 |      22 |       9 |  29.0
            +---------+---------+-------+---------+---------+-------
        D:1 |       2 |       5 |  71.4 |       2 |       1 |  33.3
        D:2 |       0 |      28 | 100.0 |       0 |       8 | 100.0
        D:3 |      11 |       0 |   0.0 |       6 |       0 |   0.0
        D:4 |      44 |       0 |   0.0 |       4 |       0 |   0.0
        D:5 |     153 |       0 |   0.0 |       3 |       0 |   0.0
        D:6 |     115 |       0 |   0.0 |       7 |       0 |   0.0
            +---------+---------+-------+---------+---------+-------
